 Dungeon Crawl Stone Soup version 0.29-a0-88-g03a7b78be7 (webtiles) character file.

Game seed: 14678699778074125176

4291 gruber the Martial Artist (level 10, -7/86 HPs)
             Began as a Grey Draconian Transmuter on Feb 6, 2022.
             Was a Believer of Cheibriados.
             Mangled by an orc knight (9 damage)
             ... in a bailey.
             The game lasted 00:14:32 (12376 turns).

gruber the Martial Artist (DrTm)                   Turns: 12376, Time: 00:14:32

Health: -7/86      AC:  2    Str: 16    XL:     10   Next: 11%
Magic:  7/13       EV: 19    Int: 21    God:    Cheibriados [**....]
Gold:   541        SH:  0    Dex: 22    Spells: 2/13 levels left

rFire   . . .      SeeInvis .     - Unarmed
rCold   . . .      Faith    .   (shield currently unavailable)
rNeg    + . .      Spirit   .   (armour unavailable)
rPois   x          Reflect  .   (helmet currently unavailable)
rElec   .          Harm     .   (cloak currently unavailable)
rCorr   .          Rampage  .   (gloves currently unavailable)
Will    .....                   (boots currently unavailable)
Stlth   ++........              (no amulet)
HPRegen 0.24/turn               a - ring of wizardry
MPRegen 0.13/turn               i - ring of positive energy

@: about to teleport, spider-form, very slow
A: venomous fangs, AC +12, (amphibious), tiny, unfitting armour, (cold-blooded)
a: End Transformation, Renounce Religion, Bend Time


You were in a bailey.
You worshipped Cheibriados.
Cheibriados was pleased with you.
You were a venomous arachnid creature.
You visited 2 branches of the dungeon, and saw 10 of its levels.
You also visited: Ossuary and Bailey.

You collected 541 gold pieces.

Inventory:

Armour
 d - a +2 hat (melded)
 y - a +2 cloak of willpower (melded)
Jewellery
 a - a ring of wizardry (left front leg)
 b - an amulet of faith
 g - a ring of see invisible
 i - a ring of positive energy (right front leg)
 B - a +6 ring of strength
Wands
 j - a wand of flame (46)
Scrolls
 e - 4 scrolls of identify {unknown}
 h - 5 scrolls of teleportation
 k - a scroll of brand weapon {unknown}
 l - 2 scrolls of noise {unknown}
 o - a scroll of enchant armour {unknown}
 r - a scroll of fear {unknown}
 v - a scroll of amnesia {unknown}
 w - a scroll of fog {unknown}
 D - a scroll of summoning {unknown}
Potions
 c - 3 potions of ambrosia {unknown}
 f - 2 potions of attraction {unknown}
 m - a potion of berserk rage {unknown}
 n - a potion of lignification {unknown}
 p - a potion of cancellation {unknown}
 q - a potion of might {unknown}
 s - 2 potions of mutation {unknown}
 t - 5 potions of curing {unknown}
 u - a potion of flight {unknown}
 x - a potion of invisibility {unknown}
 z - 2 potions of brilliance {unknown}
 A - a potion of haste {unknown}
 C - a potion of heal wounds {unknown}
 E - a potion of degeneration {unknown}
 F - a potion of resistance {unknown}


   Skills:
 * Level 7.4 Fighting
 - Level 1.7 Dodging
 - Level 10.1 Unarmed Combat
 - Level 2.0 Spellcasting
 - Level 9.1 Transmutations
 + Level 0.7 Invocations


You had 2 spell levels left.
You knew the following spells:

 Your Spells              Type           Power      Damage    Failure   Level
a - Beastly Appendage     Tmut           80%        N/A       1%          1
b - Spider Form           Tmut/Pois      21%        N/A       8%          3
c - Ice Form              Ice/Tmut       21%        N/A       19%         4
d - Lesser Beckoning      Tloc           2%         N/A       32%         3

Your spell library contained the following spells:

 Spells                   Type           Power      Damage    Failure   Level
 Wereblood                Tmut           40%        N/A       1%          2
 Sublimation of Blood     Necr           2%         N/A       19%         2
 Gell's Gravitas          Tloc           2%         N/A       32%         3
 Teleport Other           Tloc           2%         N/A       32%         3
 Summon Hydra             Summ           1%         N/A       100%        7


Dungeon Overview and Level Annotations

Branches:
Dungeon (9/15)             Temple (1/1) D:7         Ossuary (visited)
 Bailey (1/1)
   Lair: D:8-11         Orc: D:9-12

Altars:
Ashenzari
Cheibriados
Elyvilon
Fedhas
Gozag
Hepliaklqana
Kikubaaqudgha
Nemelex Xobeh
Ru
Uskayaw
Vehumet
Wu Jian
Xom
Zin
The Shining One

Shops:
D:8 ?[?*?

Annotations:
D:3 Natasha


Innate Abilities, Weirdness & Mutations

You are a venomous arachnid creature.
You have poisonous fangs.
You are tiny and dextrous.
Your spellcasting is less reliable in this form.
Your armour is entirely melded.
You are incapable of wielding weapons or throwing items.
((Your dull iron-grey scales are very hard. (AC +12)))
((You are amphibious.))
You cannot fit into any form of body armour.
((You are cold-blooded and may be slowed by cold attacks.))


Message History

You turn into a creature of crystalline ice.
Your +2 cloak of willpower melds into your body.
Your +2 hat melds into your body.
You feel less strong-willed. The orc hits you with a +0 hand axe.
Unknown command.
Unknown command.
Unknown command.
You punch the orc! You freeze the orc.
You kill the orc!
Cheibriados appreciates the change of pace.
You pummel the hobgoblin!! You freeze the hobgoblin.
You kill the hobgoblin!
Cheibriados thoroughly appreciates the change of pace.
Casting: Ice Form (dangerous; 9% risk of failure)
Confirm with . or Enter, or press ? or * to list all spells.
You warm up again.
Your +2 cloak of willpower unmelds from your body.
Your +2 hat unmelds from your body.
You feel strong-willed.
You turn into a venomous arachnid creature.
Your +2 cloak of willpower melds into your body.
Your +2 hat melds into your body.
You feel less strong-willed.
Unknown command.
Unknown command.
You bite the orc knight!
The orc knight is lightly wounded.
The orc knight hits you with a +0 war axe!!
You completely miss the orc knight.
The orc knight is lightly wounded.
The orc knight hits you with a +0 war axe!!
You are too injured to fight recklessly!
You are too injured to fight recklessly!
Unknown command.
You hit the orc knight.
The orc knight is poisoned.
The orc knight is lightly wounded.
The orc knight hits you with a +0 war axe!!
* * * LOW HITPOINT WARNING * * *
As you read the scroll labelled KOSOCUO RUOW, it crumbles to dust.
You feel strangely unstable.
It was a scroll of teleportation.
The orc knight hits you with a +0 war axe!
You die...

##......[##.......##
#.........#.......#
##.........##.....##
#.....⌠.....#######
##.........##
#.........#
##.......##
#.......# ##..s..##
##o#### ##.....##
#.......# #.......##
#.........#
#.....o...##
#.....⌠.....#
##.........##


You could see an orc knight (very poisoned).

Vanquished Creatures
  2 molten gargoyles (D:9)
  2 wyverns (D:8)
  A water moccasin (D:6)
  6 orc warriors
  A sky beast (D:5)
  2 black bears
  2 ogres (D:6)
  A centaur (D:3)
  A phantom (D:5)
  A kobold brigand (D:8)
  Blork the orc (D:5)
  3 scorpions
  3 gnoll sergeants (D:6)
  A water moccasin zombie (D:5)
  5 killer bees
  A bullfrog zombie (D:5)
  2 hounds
  4 jellies
  Crazy Yiuf (D:4)
  5 orc priests
  Ijyb (D:3)
  Terence (D:3)
  5 iguanas
  Natasha (D:3)
  8 orc wizards
  A killer bee zombie (D:7)
  8 mummies (Ossuary)
  A howler monkey zombie (D:8)
  Robin (D:1)
  7 adders
  17 gnolls
  2 shadow imps
  A white imp (D:5)
  An ufetubus (D:7)
  2 adder zombies (D:5)
  3 worms
  2 dart slugs
  30 orcs
  4 ball pythons
  2 bats
  5 endoplasms
  3 giant cockroaches (D:3)
  3 gnoll zombies (Ossuary)
  26 goblins
  16 hobgoblins
  7 jackals (D:1)
  2 quokkas
  2 frilled lizards
  A hobgoblin zombie (Ossuary)
  7 kobolds
  A kobold zombie (Ossuary)
  3 orc zombies (Ossuary)
  5 rats
224 creatures vanquished.

Notes
Turn   | Place    | Note
-------+----------+-------------------------------------------
     0 | D:1      | gruber the Draconian Transmuter began the quest for the
                  | Orb.
     0 | D:1      | Reached XP level 1. HP: 16/16 MP: 3/3
   296 | D:1      | Reached XP level 2. HP: 21/23 MP: 3/5
   546 | D:1      | Found a faded altar of an unknown god.
   747 | D:1      | Reached skill level 4 in Unarmed Combat
  1291 | D:2      | Noticed Robin
  1302 | D:1      | Reached XP level 3. HP: 15/29 MP: 4/6
  1303 | D:1      | Killed Robin
  1812 | D:2      | Reached XP level 4. HP: 25/38 MP: 5/7
  2028 | D:2      | Noticed a black bear
  2119 | D:1      | Learned a level 3 spell: Spider Form
  2377 | D:3      | Noticed Ijyb
  2384 | D:3      | Killed Ijyb
  2385 | D:3      | Reached XP level 5. HP: 42/45 MP: 4/8
  2444 | D:3      | Noticed Terence
  2450 | D:3      | Killed Terence
  3165 | D:3      | Noticed Natasha
  3175 | D:3      | Killed Natasha
  3303 | D:3      | Noticed a centaur
  3330 | D:3      | Found a hazy altar of Hepliaklqana.
  3498 | D:3      | Noticed Natasha
  3588 | D:3      | Killed a centaur
  3589 | D:3      | Reached XP level 6. HP: 47/55 MP: 5/9
  3788 | D:4      | Found a sand-covered staircase.
  3798 | D:4      | Learned a level 4 spell: Ice Form
  3799 | Ossuary  | Entered an ossuary
  3887 | Ossuary  | Reached skill level 5 in Fighting
  4957 | D:4      | Found a white marble altar of Elyvilon.
  5051 | D:4      | Reached skill level 5 in Unarmed Combat
  5071 | D:4      | Your scales start taking on a dull iron-grey colour.
  5071 | D:4      | Reached XP level 7. HP: 40/61 MP: 4/10
  5540 | D:4      | Reached skill level 6 in Unarmed Combat
  5739 | D:4      | Found a runed translucent door.
  5740 | D:4      | Noticed Crazy Yiuf
  5958 | D:4      | Killed Crazy Yiuf
  5964 | D:4      | Identified the +7 mace "Jebyen" {flame, *Slow rPois rCorr
                  | Stlth-}
  6024 | D:5      | Entered Level 5 of the Dungeon
  6288 | D:5      | Reached skill level 7 in Unarmed Combat
  6520 | D:5      | Noticed Blork the orc
  6530 | D:5      | Killed Blork the orc
  6656 | D:5      | Identified the +2 leather armour "Kiloer" {rF+ rC- MP+9
                  | Int+4}
  6716 | D:5      | Reached XP level 8. HP: 68/68 MP: 7/11
  6738 | D:5      | Reached skill level 8 in Unarmed Combat
  7231 | D:6      | Reached skill level 9 in Unarmed Combat
  7469 | D:5      | Reached skill level 10 in Unarmed Combat
  8009 | D:6      | Reached XP level 9. HP: 75/75 MP: 8/12
  8746 | D:7      | Found a staircase to the Ecumenical Temple.
  9339 | D:6      | Reached skill level 5 in Transmutations
  9711 | Temple   | Entered the Ecumenical Temple
  9788 | Temple   | Became a worshipper of Cheibriados the Contemplative
  9896 | D:7      | Found a glowing silver altar of Zin.
 10190 | D:8      | Found Ybamobry's Magic Scroll Shoppe.
 10190 | D:8      | Found Qioraqonn's Antique Armour Shop.
 10468 | D:8      | Reached * piety under Cheibriados
 10657 | D:8      | Learned a level 3 spell: Lesser Beckoning
 10682 | D:8      | Found Rerghum's Magic Scroll Emporium.
 11070 | D:8      | Found Osomnas's Assorted Antiques.
 11130 | D:8      | Found Xuaskos's Magic Scroll Shop.
 11167 | D:8      | Found a sacrificial altar of Ru.
 11378 | D:9      | Found a flagged portal.
 11426 | D:9      | Noticed a molten gargoyle
 11430 | D:9      | Noticed a molten gargoyle
 11437 | D:9      | Killed a molten gargoyle
 11439 | D:9      | Killed a molten gargoyle
 11711 | D:9      | Noticed a molten gargoyle
 11734 | Bailey   | Entered a bailey
 11786 | Bailey   | Reached XP level 10. HP: 86/86 MP: 8/13
 12106 | Bailey   | Reached ** piety under Cheibriados
 12359 | Bailey   | Noticed an orc knight
 12375 | Bailey   | HP: 2/86 [orc knight (26)]
 12376 | Bailey   | Mangled by an orc knight

Illustrated notes

Levels and vault maps discovered:
D:1:      zaba_arrival_water, layout_basic, hellmonk_ecumenical_altar_blasted,
          minmay_misc_feat_more_columns, minmay_pentomino_u4
D:2:      layout_basic, hangedman_abyss_or_decor_stabs, patterned_corridor,
          uniq_robin
D:3:      layout_loops_ring, mainiacjoe_overflow_concentric_impassable,
          uniq_natasha, uniq_ijyb, uniq_terence
D:4:      layout_basic, elyvilon_altar_5, nicolae_ossuary_entry_plus,
          uniq_crazy_yiuf_cottage
D:5:      layout_loops_ring, chequers_arboretum, bh_walls_and_bars,
          uniq_blork_the_orc
D:6:      layout_rooms
D:7:      layout_cave_pods, zin_statuary, minmay_temple_entry_enclosed_plants,
          dk_vineyard_3, minmay_misc_feat_chi, nrook_mini_vaults,
          minmay_misc_feat_columns
D:8:      layout_basic, kennysheep_mini, serial_shops, nicolae_shop_stone, shop,
          shop, kennysheep_little_box, nicolae_take_the_stairs
D:9:      layout_basic, enter_bailey_5, minivault_8
Temple:   eino_temple_scatter_basement
Bailey:   bailey_axe_minmay_hex_keep, bailey

Skill      XL: |  1  2  3  4  5  6  7  8  9 10 |
---------------+-------------------------------+-----
Unarmed Combat | 4 5 7 10 | 10.1
Fighting       | 3 4 5 6 7 |  7.4
Transmutations | 3 4 8 9 |  9.1
Dodging        | |  1.7
Spellcasting   | |  2.0
Invocations    | |  0.7

Action                   |  1- 3 |  4- 6 |  7- 9 | 10-12 || total
-------------------------+-------+-------+-------+-------++-------
Melee: Unarmed           |   109 |   197 |   388 |    43 ||   737
       Kick              |    20 |    26 |    16 |       ||    62
       Tailslap          |    12 |    16 |    21 |       ||    49
       Punch             |     2 |     4 |     9 |       ||    15
       Headbutt          |     8 |    19 |     9 |       ||    36
 Cast: Beastly Appendage |    21 |    21 |    13 |       ||    55
       Spider Form       |       |    10 |    24 |     3 ||    37
       Ice Form          |       |       |     8 |     1 ||     9
Invok: Bend Time         |       |       |     1 |       ||     1
  Use: Scroll            |       |       |       |     1 ||     1
Armor: Skin              |    39 |    26 |   109 |     5 ||   179
Dodge: Dodged            |    81 |   117 |   243 |    27 ||   468

Table legend: (Time is in decaauts)
 A = Elapsed time spent in this place.
 B = Non-inter-level travel time spent in this place.
 C = Inter-level travel time spent in this place.
 D = Time resting spent in this place.
 E = Time spent auto-exploring this place.
 F = Levels seen in this place.
 G = Mean time per level.
                   A        B        C        D        E       F      G
               +--------+--------+--------+--------+--------+-----+--------+
         Total |  12709 |  12282 |    427 |   1168 |   9142 |  12 | 1059.1 |
       Dungeon |  10930 |  10548 |    382 |    741 |   8181 |   9 | 1214.4 |
        Temple |    100 |     55 |     45 |      0 |     45 |   1 |  100.0 |
       Ossuary |   1007 |   1007 |      0 |    427 |    373 |   1 | 1007.0 |
        Bailey |    670 |    670 |      0 |      0 |    543 |   1 |  670.0 |
               +--------+--------+--------+--------+--------+-----+--------+

Top non-repeatable levels by time:
     D:1: 1680 daAuts
     D:6: 1642 daAuts
     D:7: 1459 daAuts
     D:8: 1440 daAuts
     D:3: 1416 daAuts
     D:4: 1222 daAuts
     D:5: 1018 daAuts
 Ossuary: 1007 daAuts
     D:2: 680 daAuts
  Bailey: 670 daAuts
     D:9: 369 daAuts
  Temple: 100 daAuts
